 Dungeon Crawl Stone Soup version 0.29-a0-234-g0dae59b3db (webtiles) character file.

Game seed: 17098186099202005396

13125 testman the Zephyrmancer (level 12, 0/75 HPs)
             Began as a Tengu Air Elementalist on Mar 3, 2022.
             Was an Elder of Vehumet.
             Killed from afar by an electric eel (12 damage)
             ... with a bolt of electricity
             ... while paralysed by a hornet
             ... on level 10 of the Dungeon.
             The game lasted 01:14:16 (13885 turns).

testman the Zephyrmancer (Tengu Air Elementalist)  Turns: 13885, Time: 01:14:17

Health: 0/75       AC:  8    Str:  9    XL:     12   Next: 2%
Magic:  9/25       EV:  2    Int: 20    God:    Vehumet [****..]
Gold:   529        SH:  0    Dex: 15    Spells: 11/28 levels left

rFire   . . .      SeeInvis .   k - +5 dagger (venom)
rCold   . . .      Faith    .   (no shield)
rNeg    + . .      Spirit   .   O - +0 robe {rN+}
rPois   .          Reflect  .   (helmet restricted)
rElec   .          Harm     .   G - +0 cloak
rCorr   .          Rampage  .   E - +0 pair of gloves
Will    .....                   (boots unavailable)
Stlth   ++........              B - amulet of the acrobat
HPRegen 0.22/turn               b - ring of wizardry
MPRegen 0.19/turn               f - +4 ring of protection

@: paralysed, lethally poisoned (0 -> -12), flying quickly and evasively,
slowed, quick
A: beak, talons 3, nimble flight
a: Renounce Religion


You were on level 10 of the Dungeon.
You worshipped Vehumet.
Vehumet was greatly pleased with you.
You visited 2 branches of the dungeon, and saw 11 of its levels.
You also visited: Sewer and Bailey.

You collected 633 gold pieces.
You spent 104 gold pieces at shops.

Inventory:

Hand Weapons
 e - a +0 short sword
 k - a +5 dagger of venom (weapon)
Missiles
 g - 2 throwing nets
 q - 24 poisoned darts
 y - 6 boomerangs
 M - a curare-tipped dart
Armour
 E - a +0 pair of gloves (worn)
 G - a +0 cloak (worn)
 O - a +0 robe of positive energy (worn)
Jewellery
 b - a ring of wizardry (left hand)
 f - a +4 ring of protection (right hand)
 l - a ring of resist corrosion
 z - an amulet of reflection
 B - an amulet of the acrobat (around neck)
 I - a ring of protection from fire
 J - a +6 ring of strength
 K - a ring of positive energy
Wands
 D - a wand of iceblast (10)
 L - a wand of paralysis (6)
 N - a wand of flame (2)
Scrolls
 a - a scroll of identify
 h - 2 scrolls of magic mapping
 j - 3 scrolls of fear
 o - 3 scrolls of silence
 p - a scroll of noise {unknown}
 w - 3 scrolls of teleportation {unknown}
 x - 2 scrolls of vulnerability {unknown}
 F - a scroll of amnesia {unknown}
 H - a scroll of immolation {unknown}
 P - a scroll of brand weapon {unknown}
Potions
 c - 3 potions of invisibility
 d - 9 potions of flight
 i - a potion of haste
 m - a potion of attraction
 n - 6 potions of might
 r - 4 potions of heal wounds
 s - 5 potions of magic
 t - 2 potions of brilliance
 u - a potion of resistance {unknown}
 v - a potion of curing
 A - 4 potions of mutation {unknown}
 C - 2 potions of ambrosia {unknown}


   Skills:
 + Level 8.9 Fighting
 + Level 9.1 Short Blades
 - Level 2.1 Dodging
 - Level 2.0 Stealth
 + Level 8.5 Spellcasting
 + Level 11.5 Conjurations
 + Level 12.4 Air Magic


You had 11 spell levels left.
You knew the following spells:

 Your Spells              Type           Power      Damage    Failure   Level
a - Shock                 Conj/Air       100%       1d9       1%          1
b - Static Discharge      Conj/Air       54%        N/A       1%          2
c - Swiftness             Air            55%        N/A       1%          3
d - Airstrike             Air            27%        N/A       1%          4
e - Mephitic Cloud        Conj/Pois/Air  40%        N/A       1%          3
f - Iskenderun's Mystic   Conj/Tloc      31%        2d8       1%          4

Your spell library contained the following spells:

 Spells                   Type           Power      Damage    Failure   Level
 Fulminant Prism          Conj/Hex       15%        3d11      1%          4
 Confusing Touch          Hex            8%         N/A       10%         3
 Lee's Rapid Deconstruct  Erth           4%         3d6*      22%         5
 Yara's Violent Unravell  Hex/Tmut       4%         3d4       22%         5
 Animate Dead             Necr           4%         N/A       32%         4
 Cause Fear               Hex            4%         N/A       32%         4
 Borgnjor's Vile Clutch   Necr/Erth      4%         N/A       63%         5
 Death Channel            Necr           4%         N/A       99%         6
 Dragon Form              Tmut           4%         N/A       100%        7
 Enfeeble                 Hex            4%         N/A       100%        7
 Dragon's Call            Summ           4%         N/A       100%        9


Dungeon Overview and Level Annotations

Branches:
Dungeon (10/15)            Temple (1/1) D:5            Lair (0/6) D:8
    Orc (0/2) D:10          Sewer (visited)          Bailey (visited)

Altars:
Ashenzari
Cheibriados
Dithmenos
Elyvilon
Fedhas
Gozag
Kikubaaqudgha
Makhleb
Okawaru
Ru
Uskayaw
Vehumet
Wu Jian
Xom
Zin
The Shining One

Shops:
D:4 :(!   D:10 (

Annotations:
D:7 1 runed translucent door
D:9 3 runed translucent doors, dracfodder's ghost, novice GrBe


Innate Abilities, Weirdness & Mutations

You have a beak for a mouth.
You have claws for feet.
Your magical nature lets you fly swiftly and evasively.


Message History

Press: ? - help, Shift-Dir - straight line, f - killer bee, p - electric eel
Aim: a killer bee (water, chance to affect: 86%) That beam is likely to hit you.
Continue anyway?
Okay, then.
The hornet completely misses you.
Casting: Mephitic Cloud (safe; 1% risk of failure)
Confirm with . or Enter, or press ? or * to list all spells.
Aiming: Mephitic Cloud (safe; 1% risk of failure)
Press: ? - help, Shift-Dir - straight line, p - killer bee The ball explodes into a vile cloud!
The stinking cloud engulfs the hornet but does no damage.
The hornet is severely wounded.
The stinking cloud engulfs the killer bee but does no damage.
You feel yourself speed up.
The killer bee is engulfed in noxious fumes.
The hornet is engulfed in noxious fumes.
The hornet stings you.
You feel yourself slow down.
The killer bee is engulfed in noxious fumes.
The killer bee appears confused.
An electric eel comes into view.
The hornet is engulfed in noxious fumes.
The hornet stings you!
You are poisoned.
You suddenly lose the ability to move!
The killer bee is engulfed in noxious fumes.
The killer bee appears confused.
The killer bee stings you but does no damage.
The electric eel shoots out a bolt of lightning at you!
The bolt of electricity hits the hornet!
The hornet dies!
The bolt of electricity hits you!
* * * LOW HITPOINT WARNING * * *
The bolt of electricity hits you!
* * * LOW HITPOINT WARNING * * *
The electric eel shoots out a bolt of lightning at you!
The bolt of electricity hits the electric eel.
The electric eel completely resists.
The bolt of electricity hits the killer bee.
The bolt of electricity hits you!
You die...

###
#.################
#.................
#.################
#.# #.# #.# #.#
########@#####
≈≈≈≈≈≈S§y≈≈≈≈#
≈≈≈≈≈≈SS§☼≈≈≈≈#
≈≈≈≈≈≈≈≈§§≈≈≈≈..
≈≈≈≈≈≈≈≈≈≈≈≈....
########
≈≈≈≈≈≈≈≈>≈≈≈....
........
≈≈≈≈≈≈≈≈≈≈≈≈≈...
........
≈≈≈≈≈S≈≈≈≈≈≈≈≈..
##...Y##
≈≈≈≈≈≈≈≈≈≈≈≈≈≈≈
#... #


You could see a killer bee (confused) and 4 electric eels.

Vanquished Creatures
  Erica (D:9)
  A komodo dragon (D:8)
  3 wyverns
  20 yaks
  2 basilisks (D:8)
  A steam dragon (D:8)
  6 vampire mosquitoes
  Edmund (D:5)
  3 water moccasins
  Duvessa (D:5)
  9 orc warriors
  A sky beast (D:6)
  2 ice beasts (D:7)
  A black bear (D:5)
  3 centaurs
  3 kobold brigands
  4 bullfrogs
  A necrophage (D:7)
  10 scorpions
  Dowan (D:5)
  6 wights (D:8)
  9 killer bees
  3 electric eels (D:10)
  2 hounds (D:5)
  A jelly (D:4)
  11 orc priests
  3 iguanas
  10 orc wizards
  20 gnolls
  9 adders
  3 river rats
  A shadow imp (D:5)
  An ufetubus (D:6)
  A dart slug (D:3)
  4 worms
  36 orcs
  4 ball pythons
  4 bats
  8 endoplasms
  5 giant cockroaches
  8 goblins
  7 hobgoblins
  7 jackals
  6 quokkas
  5 frilled lizards
  20 kobolds
  7 rats
  A butterfly (D:7)
276 creatures vanquished.

Vanquished Creatures (others)
  A hornet (D:10)
1 creature vanquished.

Grand Total: 277 creatures vanquished

Notes
Turn   | Place    | Note
-------+----------+-------------------------------------------
     0 | D:1      | testman the Tengu Air Elementalist began the quest for the
                  | Orb.
     0 | D:1      | Reached XP level 1. HP: 10/10 MP: 4/4
   292 | D:1      | Reached XP level 2. HP: 16/16 MP: 4/6
   295 | D:1      | Learned a level 2 spell: Static Discharge
   873 | D:2      | Found a glowing silver altar of Zin.
   975 | D:2      | Reached skill level 1 in Fighting
  1135 | D:2      | Reached XP level 3. HP: 20/20 MP: 5/7
  2148 | D:3      | Found a blossoming altar of Fedhas.
  2161 | D:3      | Reached XP level 4. HP: 21/25 MP: 2/8
  2258 | D:3      | Found a faded altar of an unknown god.
  2301 | D:3      | Found a glowing drain.
  2331 | Sewer    | Entered a sewer
  2484 | Sewer    | Reached skill level 5 in Air Magic
  2562 | Sewer    | Noticed a kobold brigand
  2568 | Sewer    | Killed a kobold brigand
  2569 | Sewer    | Gained mutation: Your magical nature lets you fly swiftly
                  | and evasively. [Tengu growth]
  2569 | Sewer    | Reached XP level 5. HP: 30/30 MP: 3/10
  2655 | Sewer    | Found a white marble altar of Elyvilon.
  2792 | D:3      | Learned a level 3 spell: Swiftness
  2797 | D:3      | Learned a level 4 spell: Airstrike
  2922 | D:3      | Noticed a water moccasin
  2930 | D:3      | Killed a water moccasin
  2931 | D:3      | Reached XP level 6. HP: 13/36 MP: 4/12
  3730 | D:4      | Reached skill level 6 in Air Magic
  3842 | D:4      | Found Lysoos's Book Shop.
  3866 | D:4      | Found Ashaad's Weapon Shop.
  4039 | D:4      | Found Umachyu's Distillery.
  4054 | D:4      | Bought a potion of heal wounds for 65 gold pieces
  4054 | D:4      | Bought a potion of curing for 39 gold pieces
  4086 | D:4      | Reached skill level 1 in Short Blades
  4086 | D:4      | Reached XP level 7. HP: 40/41 MP: 6/13
  4661 | D:5      | Entered Level 5 of the Dungeon
  4713 | D:5      | Found a staircase to the Ecumenical Temple.
  4725 | Temple   | Entered the Ecumenical Temple
  4733 | Temple   | Became a worshipper of Vehumet
  5082 | D:5      | Noticed Duvessa
  5082 | D:5      | Noticed Dowan
  5087 | D:5      | Killed Duvessa
  5087 | D:5      | Killed Dowan
  5088 | D:5      | Reached skill level 5 in Conjurations
  5294 | D:5      | Noticed Edmund
  5296 | D:5      | Reached skill level 7 in Air Magic
  5310 | D:5      | Killed Edmund
  5311 | D:5      | Reached XP level 8. HP: 20/48 MP: 1/15
  6052 | D:6      | Found a glowing silver altar of Zin.
  6430 | D:6      | Found a white marble altar of Elyvilon.
  6436 | D:6      | Found an ancient bone altar of Kikubaaqudgha.
  6439 | D:6      | Found a glowing golden altar of the Shining One.
  6441 | D:6      | Found a snail-covered altar of Cheibriados.
  6461 | D:6      | Found a hide-covered altar of Uskayaw.
  6764 | D:7      | Reached * piety under Vehumet
  6764 | D:7      | Offered knowledge of Magic Dart by Vehumet.
  6919 | D:7      | Reached skill level 5 in Spellcasting
  6919 | D:7      | Reached skill level 8 in Air Magic
  6962 | D:7      | Reached XP level 9. HP: 53/53 MP: 15/17
  6996 | D:7      | Reached skill level 5 in Fighting
  7406 | D:7      | Found a runed translucent door.
  7421 | D:7      | Found a runed translucent door.
  7436 | D:7      | Reached skill level 5 in Short Blades
  7446 | D:7      | Reached skill level 9 in Air Magic
  7636 | D:8      | Found a flagged portal.
  7672 | Bailey   | Entered a bailey
  7681 | Bailey   | Reached skill level 11 in Air Magic
  7681 | Bailey   | Reached XP level 10. HP: 63/63 MP: 18/22
  8095 | Bailey   | Offered knowledge of Poisonous Vapours by Vehumet.
  8184 | Bailey   | Reached ** piety under Vehumet
  8363 | D:8      | Reached skill level 10 in Conjurations
  8712 | D:8      | Reached XP level 11. HP: 48/68 MP: 10/23
  9243 | D:8      | Found a staircase to the Lair.
  9314 | D:8      | Offered knowledge of Dazzling Flash by Vehumet.
 10005 | D:9      | Reached *** piety under Vehumet
 10237 | D:9      | Noticed Erica
 10577 | D:9      | Noticed dracfodder's ghost (novice GrBe)
 11154 | D:9      | Found a runed translucent gate.
 11154 | D:9      | Found a runed translucent gate.
 11154 | D:9      | Found a runed translucent gate.
 11266 | D:9      | Killed Erica
 11467 | D:10     | Entered Level 10 of the Dungeon
 12087 | D:10     | Found a staircase to the Orcish Mines.
 12130 | D:10     | Found a shimmering altar of Xom.
 12130 | D:10     | Noticed a white ugly thing
 12157 | D:9      | Offered knowledge of Mephitic Cloud by Vehumet.
 12164 | D:9      | Learned a level 3 spell: Mephitic Cloud
 12449 | D:9      | Learned a level 4 spell: Iskenderun's Mystic Blast
 12456 | D:10     | Reached skill level 12 in Air Magic
 12587 | D:10     | Found Tiept's Weapon Boutique.
 12935 | D:10     | HP: 1/69 [yak (10)]
 13556 | D:10     | Reached XP level 12. HP: 52/75 MP: 12/25
 13826 | D:10     | Reached **** piety under Vehumet
 13885 | D:10     | Paralysed by a hornet for 3 turns
 13885 | D:10     | Killed from afar by an electric eel

Illustrated notes

Levels and vault maps discovered:
D:1:      heliophobic_arrival_ceremonial_halls, layout_loops_ring
D:2:      layout_basic, basic_altar, st_stairs_7
D:3:      layout_basic, fedhas_altar_2, hellmonk_ecumenical_altar_dog_temple,
          cheibrodos_sewer_entry_sluice
D:4:      layout_basic, serial_shops, nicolae_shop_behind_doors,
          nicolae_diamond_shop, nicolae_shop_temple_entry_statues_fountains,
          serial_bayou_ford_a, amcnicky_mini_rare_corridor_liquid
D:5:      layout_loops_corners, temple_statues, uniq_edmund, uniq_duvessa
D:6:      layout_loops_ring, nicolae_overflow_hallway_of_the_gods
D:7:      lemuel_insect_pit, layout_basic, minivault_24
D:8:      layout_loops_ring, erik_lair_dragon, enter_bailey_3
D:9:      layout_loops_corners, gammafunk_ghost_icy, uniq_erica
D:10:     layout_basic, gammafunk_temple_overflow_elements, david_orc_4,
          serial_shops, nicolae_shop_stone, nicolae_shop_behind_doors,
          nicolae_diamond_shop, hangedman_feature_mirror
Temple:   cyrus_circular_temple

Skill      XL: |  1  2  3  4  5  6  7  8  9 10 11 |
---------------+----------------------------------+-----
Conjurations   | 2 3 4 5 6 9 10 11 | 11.5
Fighting       | 1 2 3 4 7 8 |  8.9
Air Magic      | 5 6 7 8 11 12 | 12.4
Spellcasting   | 3 4 5 7 8 |  8.5
Short Blades   | 1 2 4 7 9 |  9.1
Dodging        | |  2.1
Stealth        | |  2.0

Action                   |  1- 3 |  4- 6 |  7- 9 | 10-12 || total
-------------------------+-------+-------+-------+-------++-------
Melee: Short sword       |    16 |       |       |       ||    16
       Kick              |     5 |     5 |    29 |    34 ||    73
       Peck              |     5 |     6 |    19 |    26 ||    56
       Unarmed           |     1 |       |       |       ||     1
       Dagger            |    18 |    46 |    94 |   118 ||   276
       Punch             |     1 |       |     1 |       ||     2
 Cast: Shock             |    53 |    27 |    43 |   134 ||   257
       Static Discharge  |     1 |     9 |    13 |    35 ||    58
       Airstrike         |       |     5 |     9 |    35 ||    49
       Iskenderun's Myst |       |       |       |     2 ||     2
       Swiftness         |       |       |       |     2 ||     2
       Mephitic Cloud    |       |       |       |     2 ||     2
  Use: Scroll            |       |    10 |     4 |     2 ||    16
       Potion            |       |     1 |     1 |     4 ||     6
 Stab: Sleeping          |     4 |     9 |     6 |     9 ||    28
Armor: Robe              |    10 |     6 |    24 |    22 ||    62
Dodge: Dodged            |    20 |    33 |    81 |   111 ||   245
Block: Other             |       |       |     2 |       ||     2

Table legend: (Time is in decaauts)
 A = Elapsed time spent in this place.
 B = Non-inter-level travel time spent in this place.
 C = Inter-level travel time spent in this place.
 D = Time resting spent in this place.
 E = Time spent auto-exploring this place.
 F = Levels seen in this place.
 G = Mean time per level.
                   A        B        C        D        E       F      G
               +--------+--------+--------+--------+--------+-----+--------+
         Total |  13341 |  13105 |    236 |   4833 |   6470 |  13 | 1026.2 |
       Dungeon |  12356 |  12131 |    225 |   4369 |   6242 |  10 | 1235.6 |
        Temple |     15 |      5 |     10 |      0 |      0 |   1 |   15.0 |
         Sewer |    378 |    378 |      0 |    217 |     89 |   1 |  378.0 |
        Bailey |    592 |    592 |      0 |    246 |    138 |   1 |  592.0 |
               +--------+--------+--------+--------+--------+-----+--------+

Top non-repeatable levels by time:
     D:9: 2222 daAuts
    D:10: 1644 daAuts
     D:8: 1577 daAuts
     D:2: 1314 daAuts
     D:3: 1162 daAuts
     D:5: 1160 daAuts
     D:4: 862 daAuts
     D:7: 846 daAuts
     D:1: 833 daAuts
     D:6: 731 daAuts
  Bailey: 592 daAuts
   Sewer: 378 daAuts
  Temple: 15 daAuts
